 Dungeon Crawl Stone Soup version 0.21.1-1-g345015fe64 (webtiles) character file.

8033 Peloso the Carver (level 11, -12/84 HPs)
             Began as a Demonspawn Fighter on Apr 29, 2018.
             Was an Elder of Okawaru.
             Killed from afar by Nergalle (30 damage)
             ... with a bolt of negative energy
             ... on level 10 of the Dungeon.
             The game lasted 00:29:06 (12241 turns).

Peloso the Carver (Demonspawn Fighter)             Turns: 12241, Time: 00:29:07

Health: -12/84     AC: 14    Str: 19    XL:     11   Next: 4%
Magic:  10/11      EV:  8    Int: 11    God:    Okawaru [****..]
Gold:   124        SH: 11    Dex: 17    Spells: 10/10 levels left

rFire    + . .     SeeInvis +   a - +3 long sword
rCold    + . .     Gourm    .   c - +1 shield
rNeg     . . .     Faith    .   h - +0 plate armour {rC+}
rPois    .         Spirit   .   (helmet unavailable)
rElec    .         Reflect  .   (no cloak)
rCorr    .         Harm     .   D - +1 pair of gloves {Dex+3}
MR       .....                  (no boots)
Stlth    ..........             (no amulet)
HPRegen  0.24/turn              v - +4 ring of evasion
MPRegen  0.12/turn              (no ring)

@: lethally poisoned (-12 -> -17), heavily drained
A: antennae 3, thin skeletal structure 1, demonic guardian 1, fire resistance 1,
flame cloud immunity
a: Heroism, Renounce Religion


You were on level 10 of the Dungeon.
You worshipped Okawaru.
Okawaru was greatly pleased with you.
You were very hungry.

You visited 2 branches of the dungeon, and saw 11 of its levels.

You collected 481 gold pieces.
You spent 357 gold pieces at shops.

Inventory:

Hand Weapons
 a - a +3 long sword (weapon)
 C - a +2 vampiric short sword
Armour
 b - a +0 pair of gloves
 c - a +1 shield (worn)
 h - a +0 plate armour of cold resistance (worn)
 D - a +1 pair of gloves of dexterity (worn)
Jewellery
 v - a +4 ring of evasion (left hand)
Wands
 j - a wand of random effects (39)
 n - a wand of enslavement (15)
 s - a wand of clouds (3)
 u - a wand of disintegration (33)
Scrolls
 l - 4 scrolls of fog
 m - 2 scrolls of enchant armour
 o - 3 scrolls of teleportation
 p - 10 scrolls of remove curse
 t - 5 scrolls of amnesia
 x - 2 scrolls of fear
 y - a scroll of holy word {unknown}
 B - a scroll of blinking
Potions
 e - 5 potions of curing
 g - 5 potions of haste
 i - 7 potions of heal wounds
 k - 2 potions of brilliance
 q - a potion of resistance
 z - a potion of ambrosia {unknown}
 F - a potion of mutation {unknown}
Books
 d - a book of Minor Magic

   Spells                             Type                      Level
   a - Magic Dart                     Conjuration                  1
   b - Blink                          Translocation                2
   c - Call Imp                       Summoning                    2
   d - Slow                           Hexes                        2
   e - Conjure Flame                  Conjuration/Fire             3
   f - Mephitic Cloud                 Conjuration/Poison/Air       3
 w - a book of Clouds

   Spells                             Type                      Level
   a - Poisonous Vapours              Poison/Air                   2
   b - Mephitic Cloud                 Conjuration/Poison/Air       3
   c - Conjure Flame                  Conjuration/Fire             3
   d - Freezing Cloud                 Conjuration/Ice/Air          6
   e - Ring of Flames                 Charms/Fire                  7
 A - a book of Party Tricks

   Spells                             Type                      Level
   a - Summon Butterflies             Summoning                    1
   b - Apportation                    Translocation                1
   c - Lesser Beckoning               Translocation                3
   d - Tukima's Dance                 Hexes                        3
   e - Alistair's Intoxication        Transmutation/Poison         5
   f - Invisibility                   Hexes                        6
Comestibles
 f - 21 rations


   Skills:
 + Level 7.0(4.6) Fighting
 + Level 10.1(7.5) Long Blades
 + Level 7.1(4.7) Armour
 + Level 1.5(0.0) Dodging
 + Level 1.2(0.0) Stealth
 + Level 8.5(6.0) Shields
 + Level 1.1(0.0) Invocations


You had 10 spell levels left.
You didn't know any spells.

Dungeon Overview and Level Annotations

Branches:
Dungeon (10/15)            Temple (1/1) D:6
   Lair: D:8-11         Orc: D:9-12

Altars:
Ashenzari
Cheibriados
Dithmenos
Elyvilon
Gozag
Hepliaklqana
Kikubaaqudgha
Nemelex Xobeh
Okawaru
Qazlal
Ru
Sif Muna
Uskayaw
Vehumet
Zin

Shops:
D:8 !:*![   D:9 [

Annotations:
D:9 exclusion: obsidian statue
D:10 Nergalle


Innate Abilities, Weirdness & Mutations

You have a pair of large antennae on your head. (SInv)
You have a somewhat thin skeletal structure. (Dex +2, Stealth)
A weak demonic guardian rushes to your aid.
Your flesh is heat resistant. (rF+)
You are immune to clouds of flame.


Message History

Your shadow imp hits the spectral orc warrior but does no damage.
Nergalle points at you and mumbles some strange words.
The bolt of negative energy hits you!
You feel drained.
* * * LOW HITPOINT WARNING * * *
The bolt of negative energy hits the spectral orc warrior.
The spectral orc warrior completely resists.
The bolt of negative energy hits the spectral orc warrior.
The spectral orc warrior completely resists.
You hit Nergalle but do no damage.
Nergalle is almost dead.
You feel sick.
The spectral orc warrior closely misses you.
Your shadow imp hits the spectral orc warrior but does no damage.
You block the spectral orc warrior's attack.
You hit Nergalle but do no damage.
Nergalle is almost dead.
You feel like a meek peon again. Nergalle casts a spell at you.
The bolt of negative energy hits you!
You feel drained.
You die...

###########
....>.....#
###.......#
#.#####.########
#.# #......5Z#
#.# #.######Z#
#.# #.# #@# #.#
#.# #o# ###.#
#.# #Z# ....#
#.# #.. #####
#.# ##. .# .# {
.# .#


You could see Nergalle, 3 spectral orc warriors and a friendly shadow imp.

Vanquished Creatures
  2 two-headed ogres
  Pikel (D:6)
  Maurice (D:8)
  Joseph (D:7)
  A hippogriff (D:7)
  3 wraiths (D:10)
  4 hogs (D:8)
  Duvessa (D:4)
  3 porcupines (D:10)
  A water moccasin (D:6)
  2 orc warriors (D:7)
  3 slaves (D:6)
  A sky beast (D:7)
  3 ice beasts
  3 phantoms
  2 ogres
  2 centaurs
  Blork the orc (D:4)
  A big kobold (D:5)
  4 bullfrogs
  Dowan (D:4)
  A wyvern skeleton (D:10)
  A scorpion (D:4)
  9 killer bees
  4 wights (D:7)
  An electric eel (D:9)
  3 crimson imps
  A centaur zombie (D:5)
  2 hounds
  2 jellies (D:8)
  2 orc priests
  A bullfrog skeleton (D:9)
  2 iguanas
  6 orc wizards
  10 worker ants
  A killer bee zombie (D:5)
  3 hound skeletons
  A worker ant zombie (D:5)
  4 gnolls (D:6)
  9 adders
  3 shadow imps
  An ooze (D:2)
  An adder skeleton (D:8)
  2 worms
  13 dart slugs
  A leopard gecko (D:2)
  20 orcs
  17 giant cockroaches
  3 goblins
  4 hobgoblins
  10 jackals
  9 kobolds
  8 quokkas
  4 ball pythons (D:2)
  4 bats
  4 frilled lizards
  A jackal skeleton (D:4)
  3 quokka skeletons (D:8)
  A quokka zombie (D:6)
  14 rats
  A plant (D:9)
228 creatures vanquished.

Vanquished Creatures (collateral kills)
  A two-headed ogre (D:8)
  A human (D:8)
  A black bear (D:9)
  A necrophage (D:5)
  A phantom (D:4)
  An ogre (D:4)
  A centaur (D:10)
  A bullfrog (D:6)
  A scorpion (D:4)
  A wight (D:4)
  A bullfrog zombie (D:8)
  A hound (D:4)
  An orc wizard (D:9)
  A leopard gecko (D:5)
  5 orcs
  A jackal skeleton (D:5)
20 creatures vanquished.

Vanquished Creatures (others)
  A fungus (D:10)
1 creature vanquished.

Grand Total: 249 creatures vanquished

Notes
Turn   | Place    | Note
-------+----------+-------------------------------------------
     0 | D:1      | Peloso the Demonspawn Fighter began the quest for the Orb.
     0 | D:1      | Reached XP level 1. HP: 18/18 MP: 1/1
   439 | D:1      | Reached skill level 2 in Long Blades
   439 | D:1      | Gained mutation: A weak demonic guardian rushes to your aid. [demonic ancestry]
   439 | D:1      | Reached XP level 2. HP: 24/24 MP: 2/2
  1493 | D:2      | Gained mutation: You have a somewhat thin skeletal structure. (Dex +2, Stealth) [demonic ancestry]
  1493 | D:2      | Reached XP level 3. HP: 29/29 MP: 3/3
  1971 | D:2      | Found a hazy altar of Hepliaklqana.
  1971 | D:2      | Found an ancient bone altar of Kikubaaqudgha.
  1977 | D:2      | Found a faded altar of an unknown god.
  1979 | D:2      | Found a radiant altar of Vehumet.
  1980 | D:2      | Found a faded altar of an unknown god.
  2120 | D:3      | Reached XP level 4. HP: 19/35 MP: 4/4
  2604 | D:3      | Reached skill level 3 in Long Blades
  2687 | D:3      | Gained mutation: Your flesh is heat resistant. (rF+) [demonic ancestry]
  2687 | D:3      | Reached XP level 5. HP: 38/41 MP: 5/5
  3365 | D:4      | Noticed Blork the orc
  3365 | D:4      | Noticed Duvessa
  3365 | D:4      | Noticed Dowan
  3391 | D:4      | Killed Duvessa
  3400 | D:4      | Killed Blork the orc
  3400 | D:4      | Reached skill level 4 in Long Blades
  3400 | D:4      | Gained mutation: You are immune to clouds of flame. [demonic ancestry]
  3400 | D:4      | Reached XP level 6. HP: 13/48 MP: 6/6
  3406 | D:4      | Killed Dowan
  3851 | D:4      | Reached XP level 7. HP: 37/53 MP: 7/7
  4388 | D:4      | Reached skill level 5 in Long Blades
  4833 | D:5      | Entered Level 5 of the Dungeon
  5074 | D:5      | Reached skill level 1 in Dodging
  5074 | D:5      | Gained mutation: You have a pair of small antennae on your head. [demonic ancestry]
  5074 | D:5      | Reached XP level 8. HP: 54/61 MP: 8/8
  5237 | D:5      | Reached skill level 6 in Long Blades
  5410 | D:5      | Reached skill level 5 in Shields
  5868 | D:6      | Found a staircase to the Ecumenical Temple.
  5880 | Temple   | Entered the Ecumenical Temple
  5923 | Temple   | Became a worshipper of Warmaster Okawaru
  5976 | D:6      | Reached skill level 1 in Stealth
  5980 | D:6      | Reached skill level 5 in Armour
  6088 | D:6      | Noticed Pikel
  6266 | D:6      | Killed Pikel
  6266 | D:6      | Reached * piety under Okawaru
  6266 | D:6      | Reached skill level 5 in Fighting
  6266 | D:6      | Gained mutation: You have a pair of antennae on your head. [demonic ancestry]
  6266 | D:6      | Reached XP level 9. HP: 39/68 MP: 9/9
  6743 | D:7      | Noticed Joseph
  6764 | D:7      | Killed Joseph
  6764 | D:7      | Reached skill level 7 in Long Blades
  7119 | D:7      | Reached ** piety under Okawaru
  7914 | D:7      | Reached skill level 8 in Long Blades
  8020 | D:8      | Found a shattered altar of Ashenzari.
  8069 | D:7      | HP: 3/68 [poisoned by a killer bee]
  8075 | D:7      | HP: 2/68 [poisoned by a killer bee]
  8083 | D:7      | HP: 2/68 [poisoned by a killer bee]
  8486 | D:8      | Found Paiwn's Book Shoppe.
  8518 | D:8      | Found Miorux's Distillery.
  8519 | D:8      | Found Aravublat's Assorted Antiques.
  8526 | D:8      | Noticed a two-headed ogre
  8549 | D:8      | Killed a two-headed ogre
  8549 | D:8      | Gained mutation: You have a pair of large antennae on your head. (SInv) [demonic ancestry]
  8549 | D:8      | Reached XP level 10. HP: 26/76 MP: 10/10
  8783 | D:8      | Bought a potion of heal wounds for 60 gold pieces
  8783 | D:8      | Bought a potion of haste for 120 gold pieces
  8806 | D:8      | Bought a potion of degeneration for 12 gold pieces
  8822 | D:8      | Reached *** piety under Okawaru
  8919 | D:8      | Noticed a two-headed ogre
  8941 | D:8      | Killed a two-headed ogre
  9186 | D:8      | Noticed Maurice
  9199 | D:8      | Killed Maurice
  9199 | D:8      | Reached skill level 9 in Long Blades
  9239 | D:8      | Found Redara's Armour Shop.
  9268 | D:8      | Found Kegg's Distillery.
  9298 | D:8      | Received a gift from Okawaru
  9920 | D:9      | Found Kilisy Tiddo's Armour Shoppe.
  9930 | D:9      | Bought a +1 pair of gloves of dexterity for 165 gold pieces
 10166 | D:9      | Noticed an obsidian statue
 10174 | D:9      | Noticed an orange demon
 10176 | D:9      | Noticed a sun demon
 10913 | D:9      | Reached **** piety under Okawaru
 11303 | D:10     | Entered Level 10 of the Dungeon
 11406 | D:10     | Noticed a two-headed ogre
 11702 | D:10     | Killed a two-headed ogre
 11702 | D:10     | Reached skill level 10 in Long Blades
 11782 | D:10     | Reached skill level 1 in Invocations
 11894 | D:10     | Reached XP level 11. HP: 63/83 MP: 11/11
 12109 | D:10     | Found the +5 scythe "Finisher" {speed, Str+3}
 12210 | D:10     | Noticed Nergalle
 12241 | D:10     | Killed from afar by Nergalle

Skill      XL: |  1  2  3  4  5  6  7  8  9 10 11 |
---------------+----------------------------------+-----
Long Blades    | 2 3 4 5 6 8 10 | 10.1
Armour         | 3 4 5 6 7 |  7.1
Shields        | 3 4 6 7 8 |  8.5
Fighting       | 4 5 6 7 |  7.0
Dodging        | 1 |  1.5
Stealth        | 1 |  1.2
Invocations    | 1 |  1.1

Action                   |  1- 3 |  4- 6 |  7- 9 | 10-12 || total
-------------------------+-------+-------+-------+-------++-------
Melee: Long sword        |   157 |   189 |   576 |   326 ||  1248
Invok: Heroism           |       |       |       |     3 ||     3
  Use: Potion            |       |     2 |     5 |     2 ||     9
       Scroll            |       |    10 |     2 |     7 ||    19
 Stab: Distracted        |       |       |     2 |       ||     2
  Eat: Chunk             |     4 |     6 |    10 |     7 ||    27
       Ration            |       |       |     2 |     1 ||     3
Armor: Scale mail        |    19 |       |       |       ||    19
       Chain mail        |    64 |    96 |   146 |       ||   306
       Plate armour      |       |       |   100 |   103 ||   203
Dodge: Dodged            |    25 |    26 |   145 |   108 ||   304
Block: Shield            |    70 |    96 |   348 |   176 ||   690
       Rpst.: Long sword |     8 |     7 |    40 |    33 ||    88
